 Dungeon Crawl Stone Soup version 0.30-a0-652-gcc886f7154 (webtiles) character file.

Game seed: 2787978440530376784

1894 bmack86 the Cleaver (level 8, 0/71 HPs)
             Began as a Minotaur Fighter on Jan 18, 2023.
             Was an Initiate of Okawaru.
             Slain by an ogre
             ... wielding a +0 giant spiked club
              (14 damage)
             ... on level 7 of the Dungeon.
             The game lasted 00:14:54 (5049 turns).

bmack86 the Cleaver (Minotaur Fighter)              Turns: 5049, Time: 00:14:54

Health: 0/71       AC: 20    Str: 23    XL:     8   Next: 93%
Magic:  7/7        EV:  6    Int:  5    God:    Okawaru [......]
Gold:   316        SH:  0    Dex: 10    Spells: 7/7 levels left

rFire   . . .      SeeInvis .    a - +1 war axe
rCold   . . .      Faith    .    p - +2 buckler
rNeg    . . .      Spirit   .    x - +0 plate armour
rPois   .          Reflect  .    (helmet restricted)
rElec   .          Harm     .    A - +1 cloak
rCorr   .          Rampage  .    n - +1 pair of gloves
Will    .....                    k - +2 pair of boots Stlth
                                 (no amulet)
HPRegen 0.31/turn                (no ring)
MPRegen 0.10/turn                (no ring)

@: confused
A: horns 2, retaliatory headbutt
a: Renounce Religion


You were on level 7 of the Dungeon.
You worshipped Okawaru.
Okawaru was noncommittal.
You visited 2 branches of the dungeon, and saw 8 of its levels.

You collected 316 gold pieces.

Inventory:

Hand Weapons
 a - a +1 war axe (weapon)
Missiles
 m - 3 atropa-tipped darts
 r - 2 throwing nets (quivered)
 u - 16 poisoned darts
Armour
 j - a +1 pair of boots of stealth
 k - a +2 pair of boots (worn)
 n - a +1 pair of gloves (worn)
 p - a +2 buckler (worn)
 x - a +0 plate armour (worn)
 A - a +1 cloak (worn)
Wands
 i - a wand of paralysis (13)
Scrolls
 b - a scroll of enchant weapon
 l - 6 scrolls of teleportation
 s - 2 scrolls of butterflies
 y - a scroll of blinking
Potions
 c - a potion of lignification {unknown}
 d - 3 potions of might
 e - a potion of magic {unknown}
 g - 3 potions of cancellation
 h - 3 potions of mutation
 o - a potion of berserk rage {unknown}
 q - 2 potions of flight
 t - a potion of attraction {unknown}
 v - a potion of ambrosia
 w - 3 potions of curing {unknown}
 z - a potion of brilliance {unknown}


   Skills:
 + Level 6.8 Fighting
 * Level 8.5 Axes
 + Level 3.7 Throwing
 + Level 6.7 Armour
 + Level 6.9 Shields
 + Level 1.2 Invocations


You had 7 spell levels left.
You didn't know any spells.
Your spell library contained the following spells:

 Spells                   Type           Power      Damage    Failure   Level
 Ozocubu's Armour         Ice            0%         N/A       100%        3
 Metabolic Englaciation   Hex/Ice        0%         N/A       100%        5
 Simulacrum               Ice/Necr       Unusable   N/A       N/A         6

Dungeon Overview and Level Annotations

Branches:
Dungeon (7/15)             Temple (1/1) D:5

Altars:
Ashenzari
Dithmenos
Fedhas
Gozag
Kikubaaqudgha
Makhleb
Okawaru
Qazlal
Trog
Uskayaw
Vehumet
Wu Jian
Xom
Yredelemnul
Zin

Shops:
D:1 !   D:3 (

Annotations:
D:6 3 runed translucent doors, BigDaddyOpFi's ghost, weakling DrDe


Innate Abilities, Weirdness & Mutations

You have a pair of horns on your head.
You reflexively headbutt those who attack you in melee.


Message History

The magic dart hits you. The ogre hits you but does no damage.
You barely miss the orc wizard. Your headbutt misses the orc wizard.
You barely miss the orc wizard. You slash the ogre!
The orc wizard hits you but does no damage.
The orc wizard zaps a wand.
Your mind is blasted!
The orc hits you from afar with a +0 trident.
The orc wizard hits you but does no damage.
The ogre hits you with a +0 giant spiked club!
The orc wizard gestures wildly while chanting.
The orc wizard flickers and vanishes!
Deactivating autopickup; reactivate with Ctrl-A.
You slash something! You hit the ogre. You barely miss the orc wizard.
The orc wizard hits you but does no damage.
The orc hits you but does no damage.
The orc wizard attacks as you move away!
The orc wizard hits you but does no damage.
The ogre barely misses you. You furiously retaliate!
You headbutt the ogre. Something hits you. You block the orc's attack.
The orc wizard points at you and mumbles some strange words.
You are confused.
You closely miss the orc. Your headbutt misses the orc.
You closely miss something. You hit the ogre but do no damage.
The ogre closely misses you.
The orc wizard gestures at you while chanting.
The puff of flame misses you. Something hits you but does no damage.
The orc hits you but does no damage.
You barely miss the ogre.
The ogre is heavily wounded.
You miss something. You miss the orc.
You hear a zap.
Your mind is blasted!
* * * LOW HITPOINT WARNING * * *
The orc barely misses you.
You closely miss the ogre.
The ogre is heavily wounded.
You barely miss something. You closely miss the orc. You slash the orc wizard!
You kill the orc wizard!
Okawaru accepts your kill.
The ogre hits you with a +0 giant spiked club!
You die...

#..# ## #..##### #.
### #....... .# ..#
#[###### ####.. #.#
#.# ...#. #.# #.#
..# ... #.# #.# ##
.....#.###.######.#
#. #..o@).........#
#.
.......O{.........#
#.
.#########.######.#
#< #.# #.# #. #.#
#.# #. ..# #.# #.
### #.# ## #.#


You could see an ogre and an orc.

Vanquished Creatures
  A water moccasin (D:6)
  An ice beast (D:6)
  An orc warrior (D:6)
  2 black bears
  An ogre (D:5)
  2 bullfrogs (D:7)
  A kobold brigand (D:7)
  3 scorpions
  2 howler monkeys (D:6)
  3 hounds (D:5)
  3 jellies (D:5)
  6 orc priests
  Jessica (D:3)
  2 iguanas
  Natasha (twice) (D:3)
  5 orc wizards
  6 gnolls
  8 adders
  2 white imps
  2 ufetubi
  3 worms
  6 dart slugs
  22 orcs
  10 endoplasms
  3 giant cockroaches
  6 goblins
  2 hobgoblins
  6 jackals
  17 kobolds
  4 quokkas
  8 ball pythons
  3 bats
  6 frilled lizards
  11 rats
  A spectral orc (D:3)
162 creatures vanquished.

Vanquished Creatures (others)
  5 plants (D:6)
  2 withered plants (D:3)
7 creatures vanquished.

Grand Total: 169 creatures vanquished

Notes
Turn   | Place    | Note
-------+----------+-------------------------------------------
     0 | D:1      | bmack86 the Minotaur Fighter began the quest for the Orb.
     0 | D:1      | Reached XP level 1. HP: 19/19 MP: 0/0
   154 | D:1      | Reached XP level 2. HP: 27/27 MP: 1/1
   175 | D:1      | Reached skill level 3 in Axes
   195 | D:1      | Found Ahiz's Distillery.
   287 | D:1      | Found a faded altar of an unknown god.
   379 | D:1      | Reached XP level 3. HP: 33/33 MP: 2/2
   966 | D:2      | Reached XP level 4. HP: 38/40 MP: 3/3
  1136 | D:2      | Reached skill level 4 in Axes
  1411 | D:3      | Found an ancient bone altar of Kikubaaqudgha.
  1446 | D:3      | Found a basalt altar of Yredelemnul.
  1501 | D:3      | Found Zuarrips's Antique Weapon Boutique.
  1527 | D:3      | Noticed Natasha
  1530 | D:3      | Reached XP level 5. HP: 47/47 MP: 4/4
  1535 | D:3      | Killed Natasha
  1629 | D:3      | Noticed Jessica
  1639 | D:3      | Killed Jessica
  1755 | D:3      | Noticed Natasha
  1762 | D:3      | Killed Natasha
  1763 | D:3      | Reached skill level 5 in Axes
  2021 | D:4      | Reached XP level 6. HP: 15/55 MP: 5/5
  2222 | D:4      | Found a stormy altar of Qazlal.
  2554 | D:4      | Reached skill level 1 in Throwing
  2675 | D:4      | Reached skill level 5 in Fighting
  2708 | D:4      | Reached skill level 5 in Shields
  2967 | D:5      | Entered Level 5 of the Dungeon
  3125 | D:5      | Reached skill level 5 in Armour
  3237 | D:5      | Reached XP level 7. HP: 7/61 MP: 6/6
  3444 | D:5      | Reached skill level 6 in Axes
  3458 | D:5      | Identified the +1 cloak "Cijeul" {rC- rN+ Int+3}
  3688 | D:5      | Found a staircase to the Ecumenical Temple.
  3705 | Temple   | Entered the Ecumenical Temple
  3974 | D:6      | Reached skill level 7 in Axes
  3982 | D:6      | Reached XP level 8. HP: 70/70 MP: 7/7
  4031 | D:6      | Found an iron altar of Okawaru.
  4062 | D:6      | Became a worshipper of Warmaster Okawaru
  4080 | D:6      | Found a runed translucent gate.
  4080 | D:6      | Found a runed translucent gate.
  4082 | D:6      | Found a runed translucent gate.
  4082 | D:6      | Noticed BigDaddyOpFi's ghost (weakling DrDe)
  4083 | D:6      | Found an opulent altar of Gozag.
  4205 | D:6      | Reached skill level 8 in Axes
  4318 | D:6      | Found a burning altar of Makhleb.
  4690 | D:6      | Found a hide-covered altar of Uskayaw.
  4718 | D:6      | Noticed a cyclops
  4886 | D:7      | Reached skill level 1 in Invocations
  5049 | D:7      | Slain by an ogre

Illustrated notes

Levels and vault maps discovered:
D:1:      sevenhm_arrival_forest_fort_large_3, layout_basic, serial_shops,
          nicolae_diamond_shop, shapermc_ecumenical_altar_starsandcircs
D:2:      layout_rooms
D:3:      layout_rooms, kiku_gazebo_garden_becter,
          yredelemnul_forgotten_temple_becter, serial_shops, shop,
          kennysheep_generic_room_2, uniq_jessica, uniq_natasha
D:4:      layout_basic, grunt_qazlal_clouds
D:5:      layout_basic, minmay_temple_entry_proselytizer,
          minmay_fractal_squares_gapless_5
D:6:      layout_rooms, lemuel_crystal_altar, okawaru_gym_becter,
          nicolae_overflow_crystal_walls, ebering_ghost_gozag,
          nicolae_zen_rock_garden
D:7:      layout_loops_ring, nicolae_tso_carved_into_rock, skrybe_limestone_x,
          grunt_ministairs_3
Temple:   hellmonk_temple_rainy

Skill      XL: |  1  2  3  4  5  6  7  8 |
---------------+-------------------------+-----
Axes           | 3 4 5 7 8 |  8.5
Shields        | 4 5 6 |  6.9
Fighting       | 4 5 6 |  6.8
Armour         | 4 5 6 |  6.7
Throwing       | 1 2 3 |  3.7
Invocations    | 1 |  1.2

Action                   |  1- 3 |  4- 6 |  7- 9 || total
-------------------------+-------+-------+-------++-------
Melee: War axe           |    88 |   143 |   128 ||   359
       Headbutt          |    12 |    20 |    22 ||    54
  Use: Scroll            |     1 |    12 |     2 ||    15
       Potion            |       |     1 |     3 ||     4
Armor: Scale mail        |    22 |       |       ||    22
       Chain mail        |    58 |   107 |       ||   165
       Plate armour      |       |    15 |   103 ||   118
Dodge: Dodged            |    45 |    62 |    38 ||   145
Block: Buckler           |    17 |    32 |    52 ||   101

Table legend: (Time is in decaauts)
 A = Elapsed time spent in this place.
 B = Non-inter-level travel time spent in this place.
 C = Inter-level travel time spent in this place.
 D = Time resting spent in this place.
 E = Time spent auto-exploring this place.
 F = Levels seen in this place.
 G = Mean time per level.
                   A        B        C        D        E       F      G
               +--------+--------+--------+--------+--------+-----+--------+
         Total |   5151 |   5009 |    142 |    738 |   2465 |   8 |  643.9 |
       Dungeon |   5109 |   4967 |    142 |    738 |   2465 |   7 |  729.9 |
        Temple |     41 |     41 |      0 |      0 |      0 |   1 |   41.0 |
               +--------+--------+--------+--------+--------+-----+--------+

Top non-repeatable levels by time:
     D:4: 1047 daAuts
     D:5: 966 daAuts
     D:6: 854 daAuts
     D:1: 750 daAuts
     D:3: 627 daAuts
     D:2: 616 daAuts
     D:7: 246 daAuts
  Temple: 41 daAuts
